 Dungeon Crawl Stone Soup version 0.23.2-1-ga50397a (webtiles) character file.

Game seed: 12378601025392349705

14 Kairos the Insei (level 2, 18/18 HPs)
             Began as an Octopode Transmuter on Apr 25, 2019.
             Quit the game on level 1 of the Dungeon.
             The game lasted 00:00:47 (629 turns).

Kairos the Insei (Octopode Transmuter)               Turns: 629, Time: 00:00:47

Health: 18/18      AC:  1    Str:  9    XL:     2   Next: 45%
Magic:  5/5        EV: 13    Int: 15    God:
Gold:   38         SH:  0    Dex: 12    Spells: 4/5 levels left

rFire    . . .     SeeInvis .     - Unarmed
rCold    . . .     Gourm    .   (no shield)
rNeg     . . .     Faith    .   (helmet restricted)
rPois    .         Spirit   .   (no amulet)
rElec    .         Reflect  .   (no ring)
rCorr    .         Harm     .   (no ring)
MR       .....                  (no ring)
Stlth    ++........             (no ring)
HPRegen  0.06/turn              (no ring)
MPRegen  0.09/turn              (no ring)
                                (no ring)
                                (no ring)

@: no status effects
A: almost no armour, stealthy swim, amphibious, 8 rings, constrict 8, camouflage
1, gelatinous body 1
a: no special abilities


You were on level 1 of the Dungeon.
You were not hungry.

You visited 1 branch of the dungeon, and saw 1 of its levels.

You collected 38 gold pieces.

Inventory:

Missiles
 a - 12 arrows
Potions
 e - a potion of curing
 f - a potion of heal wounds
 h - a potion of haste {unknown}
Comestibles
 c - 4 rations


   Skills:
 + Level 1.0 Fighting
 + Level 2.1 Dodging
 + Level 3.5 Unarmed Combat
 + Level 2.1 Spellcasting
 + Level 2.0 Transmutations


You had 4 spell levels left.
You knew the following spells:

 Your Spells              Type           Power        Failure   Level  Hunger
a - Beastly Appendage     Tmut           #.....       10%         1    #......

Your spell library contained the following spells:

 Spells                   Type           Power        Failure   Level  Hunger
 Sticks to Snakes         Tmut           #.......     14%         2    ###....
 Spider Form              Tmut/Pois      #.........   41%         3    ###....
 Ice Form                 Ice/Tmut       #.......     82%         4    #####..
 Blade Hands              Tmut           #.........   95%         5    ######.


Dungeon Overview and Level Annotations

Branches:
Dungeon (1/15)

Altars:


Innate Abilities, Weirdness & Mutations

You cannot wear most types of armour.
You are very stealthy in the water. (Stealth+)
You are amphibious.
You can wear up to eight rings at the same time.
You can use your tentacles to constrict eight enemies at once.
Your skin changes colour to match your surroundings (Stealth+).
Your rubbery body absorbs attacks. (AC +1, EV +1)


Message History

As you read the scroll labeled ULYOTAYPSA, it crumbles to dust.
It is a scroll of identify.
e - a potion of curing
As you read the scroll of identify, it crumbles to dust.
f - a potion of heal wounds
As you read the scroll labeled MOTEXY HUEWA, it crumbles to dust.
You assume a fearsome visage.
Nothing appears to happen.
It was a scroll of fear.
As you read the scroll labeled TAGEMIFAAG, it crumbles to dust.
You feel momentarily disoriented.
It was a scroll of magic mapping.
As you read the scroll labeled LUDIUN NAXE, it crumbles to dust.
It is a scroll of enchant weapon.
You aren't carrying any weapons that can be enchanted.
As you read the scroll labeled IJYNGU ORHAL, it crumbles to dust.
You feel as if something is helping you.
It was a scroll of remove curse.
You remove your -3 ring of intelligence.
You feel clever.
You drop a -3 ring of intelligence.
Are you sure you want to abandon this character and quit the game? (Confirm with "yes".)

#######....>..########.##.####.##
.............................#.#
..........#.#####....(....##.#.##
.######.###)# ######.#####.#...
........# #.# #.# #.####
.#####.## #.# ####### #.# .#
#.####.# ###.....## #.# .#
#(..##.# #'.......####.#### .##
###.##.# ##@........+#......
..######.##.###...........##.####
........)...##.............#..# #
#.#.#.##.#.##..............##.# #
#..###.#.#..........<.........# #
###.#.##.#.##..............#### #
##.###.#..+#)............# #
####.# #.######...........##### #
.....# #.# ##.........+#...###


There were no monsters in sight!

Vanquished Creatures
  2 bats (D:1)
  A giant cockroach (D:1)
  A hobgoblin (D:1)
  4 goblins (D:1)
  4 kobolds (D:1)
  3 rats (D:1)
15 creatures vanquished.

Notes
Turn   | Place    | Note
-------+----------+-------------------------------------------
     0 | D:1      | Kairos the Octopode Transmuter began the quest for the Orb.
     0 | D:1      | Reached XP level 1. HP: 13/13 MP: 3/3
   241 | D:1      | Reached XP level 2. HP: 18/18 MP: 5/5
   629 | D:1      | Quit the game

Action                   || total
-------------------------++-------
Melee: Unarmed           ||    28
       Constrict         ||     7
       Tentacles         ||     2
  Use: Scroll            ||     6
 Stab: Sleeping          ||     3
Armor: Skin              ||     2
Dodge: Dodged            ||    11
